 Dungeon Crawl Stone Soup version 0.23.2-40-g277498a001 (webtiles) character file.

Game seed: 6088286161826575823

408 Kukuleta the Digger (level 6, 0/34 HPs)
             Began as a Gargoyle Earth Elementalist on Sept 19, 2019.
             Slain by an orc wizard
             ... wielding a +0 dagger
              (2 damage)
             ... on level 4 of the Dungeon.
             The game lasted 00:16:09 (3840 turns).

Kukuleta the Digger (Gargoyle Earth Elementalist)   Turns: 3840, Time: 00:16:10

Health: 0/34       AC:  8    Str: 12    XL:     6   Next: 88%
Magic:  2/10       EV: 12    Int: 17    God:
Gold:   132        SH:  0    Dex: 10    Spells: 5/11 levels left

rFire    . . .     SeeInvis .   y - +0 mace
rCold    . . .     Gourm    .   (no shield)
rNeg     + . .     Faith    .   c - +0 robe
rPois    ∞         Spirit   .   d - +0 helmet
rElec    +         Reflect  .   (no cloak)
rCorr    .         Harm     .   w - +0 pair of gloves
MR       .....                  (no boots)
Stlth    ++........             (no amulet)
HPRegen  0.11/turn              (no ring)
MPRegen  0.12/turn              (no ring)

@: no status effects
A: negative energy resistance 1, electricity resistance, unbreathing,
petrification resistance, rot immunity, AC +4
a: no special abilities


You were on level 4 of the Dungeon.
You were hungry.

You visited 1 branch of the dungeon, and saw 4 of its levels.

You collected 132 gold pieces.

Inventory:

Hand Weapons
 f - a +0 hand axe
 g - a +0 club
 y - a +0 mace (weapon)
Missiles
 b - 118 stones (quivered)
Armour
 c - a +0 robe (worn)
 d - a +0 helmet (worn)
 w - a +0 pair of gloves (worn)
 x - a +0 leather armour
Jewellery
 n - a +4 ring of evasion
 r - an uncursed amulet of the gourmand {unknown}
 u - a +3 ring of dexterity {unknown}
 v - a cursed ring of attention {unknown}
Scrolls
 a - 3 scrolls of amnesia {unknown}
 e - a scroll of noise {unknown}
 i - 2 scrolls of blinking {unknown}
 j - 2 scrolls of remove curse {unknown}
 k - 2 scrolls of magic mapping {unknown}
 m - 2 scrolls of teleportation {unknown}
 p - a scroll of random uselessness {unknown}
 s - 6 scrolls of identify {unknown}
Potions
 h - 2 potions of curing {unknown}
 o - 2 potions of agility {unknown}
 q - a potion of mutation {unknown}
 t - a potion of heal wounds {unknown}
 z - a potion of haste {unknown}
 A - a potion of invisibility {unknown}
 C - a potion of magic {unknown}
Comestibles
 l - 5 rations
 B - a chunk of flesh


   Skills:
 + Level 1.4 Fighting
 + Level 3.0 Maces & Flails
 - Level 1.6 Dodging
 - Level 2.2 Stealth
 - Level 3.0 Spellcasting
 - Level 0.7 Transmutations
 * Level 7.1 Earth Magic


You had 5 spell levels left.
You knew the following spells:

 Your Spells              Type           Power        Failure   Level  Hunger
a - Sandblast             Erth           ####..       1%          1    None
b - Passwall              Tmut/Erth      ###.....     5%          2    ##.....
c - Stone Arrow           Conj/Erth      ##....       12%         3    ###....

Your spell library contained the following spells:

 Spells                   Type           Power        Failure   Level  Hunger
 Lee's Rapid Deconstruct  Erth           ####......   26%         5    ######.
 Petrify                  Tmut/Erth      ###.....     34%         4    ####...


Dungeon Overview and Level Annotations

Branches:
Dungeon (4/15)
 Temple: D:4-7

Altars:
Cheibriados
Gozag
Nemelex Xobeh
Trog
Zin


Innate Abilities, Weirdness & Mutations

You are resistant to torment.
Your stone body is resilient. (AC +4)
You are immune to poison.
You resist negative energy. (rN+)
You are resistant to electric shocks. (rElec)
You can survive without breathing.
You are immune to petrification.
You are immune to rotting.


Message History

The orc closely misses you.
The orc wizard hits you but does no damage.
The orc wizard barely misses you.
You hit the orc wizard.
The orc wizard is heavily wounded.
The orc wizard barely misses you. The orc barely misses you.
The orc wizard casts a spell.
The orc wizard seems to speed up.
Casting: Sandblast (safe; 1% risk of failure)
Confirm with . or Enter, or press ? or * to list all spells.
Aiming: Sandblast (safe; 1% risk of failure)
Press: ? - help, Shift-Dir - straight line, f - orc wizard
Aim: an orc wizard, wielding a +0 dagger and wearing a cursed +0 robe (heavily wounded, fast)
The blast of sand hits the orc wizard!
The orc wizard is almost dead.
b - 118 stones The orc wizard hits you but does no damage. x2
The orc closely misses you. The orc wizard misses you.
The orc wizard hits you with a +0 dagger.
You die...

#.# ## #.# .###.# ### .÷..#
###.## .# #.# ##..# ###...o##
##.# #..# ##.#####.....#o###
#..##..#
#....#...o.####.o####......##
#....)...### ##o...........#
#..###..o## #@o............
..# ##..## ##o.............
.. ##..#####.o.............
.. ##..##................. ..
#.o...................


oo. ##..####.............. ..o. #.o## #.............. ..... ##.##
#.............. ......##oo## #.............. You could see 2 orc wizards and 3
orcs.

Vanquished Creatures
  Sigmund (D:2)
  An ogre (D:4)
  An orc wizard (D:4)
  A worker ant (D:4)
  4 adders (D:2)
  2 oozes (D:1)
  A dart slug (D:1)
  3 leopard geckos
  3 orcs
  7 bats
  3 giant cockroaches (D:2)
  5 goblins
  11 hobgoblins
  3 jackals (D:1)
  6 kobolds
  2 quokkas
  3 ball pythons
  2 frilled lizards (D:2)
  A leopard gecko skeleton (D:4)
  4 rats
64 creatures vanquished.

Notes
Turn   | Place    | Note
-------+----------+-------------------------------------------
     0 | D:1      | Kukuleta the Gargoyle Earth Elementalist began the quest
                  | for the Orb.
     0 | D:1      | Reached XP level 1. HP: 10/10 MP: 3/3
    98 | D:1      | Reached skill level 4 in Earth Magic
   114 | D:1      | Reached XP level 2. HP: 8/15 MP: 0/5
   518 | D:1      | Reached XP level 3. HP: 19/19 MP: 3/6
   970 | D:2      | Reached skill level 1 in Maces & Flails
   970 | D:2      | Reached skill level 5 in Earth Magic
   993 | D:2      | Noticed Sigmund
  1219 | D:1      | Learned a level 2 spell: Passwall
  1308 | D:2      | Found a snail-covered altar of Cheibriados.
  1476 | D:2      | Found a glowing silver altar of Zin.
  1476 | D:2      | Found a bloodstained altar of Trog.
  1586 | D:2      | Reached XP level 4. HP: 18/24 MP: 3/7
  1780 | D:2      | Killed Sigmund
  1780 | D:2      | Reached skill level 6 in Earth Magic
  1780 | D:2      | Reached XP level 5. HP: 10/28 MP: 0/9
  1794 | D:2      | Reached XP level 6. HP: 12/32 MP: 1/10
  2051 | D:2      | Learned a level 3 spell: Stone Arrow
  3258 | D:3      | Found an opulent altar of Gozag.
  3258 | D:3      | Found a sparkling altar of Nemelex Xobeh.
  3656 | D:4      | Reached skill level 1 in Fighting
  3656 | D:4      | Reached skill level 7 in Earth Magic
  3840 | D:4      | Slain by an orc wizard

Skill      XL: |  1  2  3  4  5  6 |
---------------+-------------------+-----
Earth Magic    | 4 5 6 7 |  7.1
Maces & Flails | 1 2 3 |  3.0
Spellcasting   | 3 |  3.0
Fighting       | 1 |  1.4
Dodging        | |  1.6
Stealth        | |  2.2
Transmutations | |  0.7

Action                   |  1- 3 |  4- 6 || total
-------------------------+-------+-------++-------
Melee: Unarmed           |     4 |       ||     4
       Club              |    13 |    15 ||    28
       Hand axe          |     1 |       ||     1
       Mace              |       |     7 ||     7
Throw: Stone             |     6 |     1 ||     7
 Cast: Sandblast         |    40 |    47 ||    87
       Stone Arrow       |       |     8 ||     8
  Eat: Ration            |     1 |     1 ||     2
       Chunk             |       |     3 ||     3
Armor: Robe              |    12 |    20 ||    32
Dodge: Dodged            |    36 |    33 ||    69
